AoeStats
← CrazyBen

African Clearing

506878041Analyzed
4v4 RM · 17d ago on Sep 15, 2026· 38m 41s· 8 players
Game mode
Random Map
Map size
Large (8 player)
Population
200
Speed
Normal
Resources
Standard
Victory
Conquest
Starting age
Dark Age
Ending age
Imperial Age
RankedLock teamsTeams togetherTeam positionsShared explorationLock speedFull tech treeHidden civsTurbo modeCheats
Victory
Defeat
🇨🇳 Hindustanis · China
1502
+14
🇮🇳 Slavs · India
1481
+15
1469
+15
🇻🇳 Burmese · Vietnam
1364
+19
🇹🇷 Maya · Türkiye
1489
-17
🇫🇷 Tatars · France
1480
-17
🇲🇽 Georgians · Mexico
1426
-15
🇨🇿 Gurjaras · Czechia
1409
-14
DetectiveYemitoShumafuk
13:26 Feudal Age
11:55 Loom
14:10 Loom
15:04 Town Watch
17:33 Castle Age
16:01 Scale Barding Armor
16:08 Double-Bit Axe
16:36 Forging
17:38 Gold Mining
18:50 Bloodlines
26:07 Wheelbarrow
29:37 Husbandry
34:00 Bow Saw
37:18 Fletching
The_ Rock
8:30 Loom
13:59 Feudal Age
18:13 Castle Age
16:29 Double-Bit Axe
18:36 Town Watch
24:46 Horse Collar
28:46 Fervor
28:59 Sanctity
30:45 Murder Holes
31:03 Herbal Medicine
32:51 Scale Barding Armor
34:37 Fletching
36:09 Forging
36:36 Gold Mining
37:10 Heavy Plow
38:21 Redemption
Sir Dancealot
9:04 Loom
9:08 Loom
12:24 Feudal Age
16:42 Castle Age
20:54 Fletching
24:46 Bodkin Arrow
26:57 Double-Bit Axe
29:00 Town Watch
29:31 Gold Mining
CrazyBen
8:45 Loom
19:00 Feudal Age
24:07 Castle Age
22:26 Double-Bit Axe
24:07 Fletching
vidsag
7:29 Loom
13:40 Feudal Age
18:20 Castle Age
21:47 Double-Bit Axe
26:44 Horse Collar
32:32 Town Watch
36:52 Wheelbarrow
41:40 Imperial Age
Rain
14:24 Feudal Age
18:44 Castle Age
16:55 Double-Bit Axe
23:28 Town Watch
24:52 Scale Mail Armor
25:31 Forging
28:32 Chain Mail Armor
30:05 Iron Casting
32:26 Loom
Duc dam tac thich bus cu
10:53 Loom
12:51 Feudal Age
14:26 Loom
17:13 Castle Age
16:17 Horse Collar
18:31 Scale Barding Armor
18:37 Forging
21:32 Wheelbarrow
23:23 Husbandry
25:19 Chain Barding Armor
25:55 Light Cavalry
27:44 Bloodlines
28:11 Iron Casting
28:41 Hand Cart
31:23 Heavy Plow
35:00 Imperial Age
33:29 Fletching
35:15 Bodkin Arrow
36:49 Chemistry
36:52 Parthian Tactics
37:04 Bracer
37:05 Padded Archer Armor
38:51 Ballistics
39:11 Crop Rotation
Yucatan_water_supremacy
3:05 Loom
15:54 Feudal Age
17:30 Town Watch
24:00 Castle Age
22:41 Double-Bit Axe
25:36 Scale Mail Armor
33:58 Squires
Connection lost

Rejoining the realm…

Still unreachable

The connection could not be restored.

Session expired

The server has moved on; the page needs a fresh start.